 Dungeon Crawl Stone Soup version 0.21.1-68-g103a7af (webtiles) character file.

34 tyranidshit the Skirmisher (level 3, -7/31 HPs)
             Began as a Demonspawn Abyssal Knight on Aug 1, 2018.
             Was a Follower of Lugonu.
             Mangled by a gnoll
             ... wielding a +0 spear
              (8 damage)
             ... on level 1 of the Dungeon.
             The game lasted 00:02:59 (934 turns).

tyranidshit the Skirmisher (DsAK)                    Turns: 934, Time: 00:03:01

Health: -7/31      AC:  3    Str: 13    XL:     3   Next: 14%
Magic:  4/4        EV: 11    Int: 13    God:    Lugonu [*.....]
Gold:   29         SH:  0    Dex: 12    Spells: 2/2 levels left

rFire    . . .     SeeInvis .   a - +2 hand axe
rCold    . . .     Gourm    .   (no shield)
rNeg     . . .     Faith    .   b - +0 leather armour
rPois    .         Spirit   .   (no helmet)
rElec    .         Reflect  .   (no cloak)
rCorr    .         Harm     .   (no gloves)
MR       .....                  (no boots)
Stlth    +.........             d - amulet of regeneration
HPRegen  0.50/turn              (no ring)
MPRegen  0.09/turn              (no ring)

@: no status effects
A: claws 1
a: Depart the Abyss, Renounce Religion


You were on level 1 of the Dungeon.
You worshipped Lugonu.
Lugonu was aware of your devotion.
You were not hungry.

You visited 1 branch of the dungeon, and saw 2 of its levels.
You visited the Abyss 1 time.

You collected 29 gold pieces.

Inventory:

Hand Weapons
 a - a +2 hand axe (weapon)
Armour
 b - a +0 leather armour (worn)
Jewellery
 d - an amulet of regeneration (around neck)
Scrolls
 e - a scroll of identify
Comestibles
 c - a ration


   Skills:
 + Level 4.3 Fighting
 - Level 1.7 Axes
 - Level 1.7 Armour
 - Level 0.8 Dodging
 - Level 2.4 Invocations


You had 2 spell levels left.
You didn't know any spells.

Dungeon Overview and Level Annotations

Branches:
Dungeon (2/15)

Altars:


Innate Abilities, Weirdness & Mutations

You have sharp fingernails.


Message History

The gnoll hits you with a spear! The gnoll barely misses you.
You hit the gnoll.
The gnoll is severely wounded.
The gnoll hits you with a spear.
You barely miss the gnoll.
The gnoll is severely wounded.
The gnoll hits you but does no damage.
You hit the gnoll but do no damage.
The gnoll is severely wounded.
The gnoll barely misses you.
You closely miss the gnoll.
The gnoll is severely wounded.
The gnoll hits you with a spear!
* * * LOW HITPOINT WARNING * * *
The gnoll hits you with a spear.
* * * LOW HITPOINT WARNING * * *
You hit the gnoll.
The gnoll is severely wounded.
The gnoll hits you with a spear!
You die...

.÷.....#......##.#.###
#..)÷..#.............#
#..(...#.........###.#
#..(...#........####.#
#......#...........#.#
#......#.............#
#......#.........#.#.######
#......#.........#........#
.......####.....@###).†...#
##########....##g# #......#
#....#.##'###......# ##
##....#.(....#......# .##
#.....#......#......# ..##
#....†#......#......#
...####.....#......########
....'#......#......############
.....#......##................#


You could see a gnoll.

Vanquished Creatures
  A gnoll (D:1)
  5 bats
  5 goblins (D:1)
  5 hobgoblins (D:1)
  4 kobolds (D:1)
  3 rats (D:1)
23 creatures vanquished.

Vanquished Creatures (others)
  2 starspawn tentacles (Abyss:1)
2 creatures vanquished.

Grand Total: 25 creatures vanquished

Notes
Turn   | Place    | Note
-------+----------+-------------------------------------------
     0 | Abyss:1  | tyranidshit the Demonspawn Abyssal Knight began the quest for the Orb.
     0 | Abyss:1  | Reached XP level 1. HP: 18/18 MP: 2/2
    25 | Abyss:1  | Noticed a thrashing horror
    30 | Abyss:1  | Noticed a small abomination
    63 | Abyss:1  | Noticed a small abomination
    80 | Abyss:1  | Noticed a tentacled starspawn
   122 | D:1      | Escaped the Abyss
   359 | D:1      | Gained mutation: You have sharp fingernails. [demonic ancestry]
   359 | D:1      | Reached XP level 2. HP: 21/24 MP: 3/3
   410 | D:1      | Reached * piety under Lugonu
   599 | D:1      | Reached skill level 4 in Fighting
   866 | D:1      | Reached XP level 3. HP: 21/31 MP: 4/4
   933 | D:1      | HP: 1/31 [gnoll/spear (5)]
   934 | D:1      | Mangled by a gnoll

Skill      XL: |  1  2 |
---------------+-------+-----
Fighting       | 4 |  4.3
Axes           | |  1.7
Armour         | |  1.7
Dodging        | |  0.8
Invocations    | |  2.4

Action                   || total
-------------------------++-------
Melee: Hand axe          ||    53
Invok: Depart the Abyss  ||     1
  Use: Scroll            ||     4
Armor: Leather armour    ||    32
Dodge: Dodged            ||    53
